Map: Pillars of Gold LE

Players

Neeb

  • Race: Protoss Protoss
  • Spawn Location: 7:00

Namshar - Winner!

  • Race: Zerg Zerg
  • League: Grandmaster
  • Spawn Location: 1:00

Event: DreamHack SC2 Masters 2020 Winter

VOD

Have the link to the VOD?

Description

Time

  • Played on: Oct. 29, 2020, 6:39 p.m.
  • Length: 10:15

All games in this series

Show
View Real Time Build Order
Export as new Build Order

Neeb Protoss 

Build Orders: 1 Gate Expand, Oracle Opening, Archon Immortal 

Get SALT Encoding   

  12  0:00  Probe  
  13  0:12  Probe  
  14  0:19  Pylon  
  14  0:24  Probe  
  15  0:37  Probe (Chrono Boost)  
  15  0:41  Gateway  
  16  0:47  Probe (Chrono Boost)  
  17  0:51  Assimilator  
  17  0:54  Probe  
  18  1:06  Probe  
  19  1:18  Probe  
  20  1:29  Nexus  
  20  1:41  Cybernetics Core  
  20  1:43  Probe  
  21  1:51  Assimilator  
  21  1:55  Probe  
  21  1:57  Pylon  
  22  2:07  Probe (Chrono Boost)  
  23  2:14  Adept (Chrono Boost)  
  23  2:18  Probe (Chrono Boost)  
  26  2:23  Probe (Chrono Boost)  
  26  2:28  Stargate  
  27  2:33  Probe  
  27  2:35  Adept (Chrono Boost)  
  28  2:41  Warp Gate  
  28  2:43  Probe  
  31  2:45  Probe  
  32  2:52  Gateway  
  32  2:55  Probe  
  33  3:02  Probe  
  33  3:03  Void Ray (Chrono Boost)  
  34  3:07  Gateway  
  34  3:08  Probe  
  39  3:16  Probe  
  40  3:20  Probe  
  40  3:25  Pylon  
  41  3:28  Probe  
  41  3:32  Probe  
  43  3:39  Oracle  
  46  3:44  Probe (Chrono Boost)  
  46  3:46  Probe (Chrono Boost)  
  46  3:47  Assimilator  
  46  3:48  Assimilator  
  49  3:56  Probe (Chrono Boost)  
  49  4:00  Probe (Chrono Boost)  
  49  4:01  Pylon, Probe (Chrono Boost)  
  50  4:08  Probe  
  52  4:11  Probe  
  53  4:20  Probe  
  53  4:23  Fleet Beacon, Probe  
  55  4:28  Stargate  
  55  4:32  Adept, Probe  
  55  4:33  Adept  
  55  4:35  Probe  
  61  4:44  Probe  
  62  4:49  Nexus  
  62  4:51  Pylon  
  62  4:52  Pylon  
  62  5:06  Carrier (Chrono Boost)  
  62  5:13  Probe  
  62  5:14  Probe  
  70  5:17  Pylon  
  70  5:19  Carrier (Chrono Boost)  
  70  5:26  Probe x2  
  78  5:31  Robotics Facility  
  78  5:38  Probe (Chrono Boost)  
  78  5:41  Probe (Chrono Boost)  
  80  5:49  Probe (Chrono Boost)  
  81  5:52  Forge, Sentry  
  81  5:53  Twilight Council, Probe (Chrono Boost)  
  81  5:55  Shield Battery, Probe (Chrono Boost)  
  85  6:01  Probe (Chrono Boost), Sentry  
  85  6:05  Probe (Chrono Boost)  
  85  6:08  Probe (Chrono Boost)  
  87  6:12  Assimilator x2, Probe (Chrono Boost)  
  87  6:13  Probe (Chrono Boost)  
  87  6:14  Pylon  
  87  6:16  Probe (Chrono Boost)  
  87  6:17  Probe (Chrono Boost)  
  90  6:18  Probe (Chrono Boost)  
  90  6:21  Immortal (Chrono Boost)  
  90  6:25  Sentry  
  97  6:26  Probe  
  97  6:28  Probe  
  97  6:29  Zealot  
  101  6:33  Pylon, Probe  
  101  6:37  Protoss Ground Weapons Level 1  
  101  6:38  Charge, Probe  
  103  6:46  Gateway  
  103  6:50  Gateway  
  103  6:54  Gateway  
  103  6:55  Gateway  
  103  7:03  Immortal (Chrono Boost)  
  107  7:09  Probe x2  
  107  7:12  Templar Archives  
  109  7:20  Gateway  
  109  7:22  Gateway  
  109  7:28  Immortal (Chrono Boost)  
  113  7:35  Pylon  
  113  7:42  Nexus, Zealot x2  
  117  7:44  Pylon x2  
  117  7:46  Pylon  
  117  7:50  Psionic Storm  
  117  7:53  Zealot x3, Probe x2  
  125  8:01  Pylon  
  125  8:03  Observer (Chrono Boost)  
  125  8:04  Probe  
  125  8:05  Probe  
  128  8:07  Probe  
  128  8:11  High Templar x2  
  128  8:12  High Templar  
  135  8:16  Assimilator, Probe  
  136  8:20  Assimilator  
  136  8:21  High Templar x3, Warp Prism (Chrono Boost)  
  136  8:22  Probe x2  
  146  8:28  Probe  
  147  8:34  Probe x2  
  155  8:44  Carrier (Chrono Boost)  
  155  8:51  Carrier (Chrono Boost), Shield Battery  
  155  8:52  Shield Battery  
  155  8:53  Shield Battery  
  161  9:02  High Templar x2  
  163  9:03  Zealot x3  
  163  9:08  Archon  
  169  9:14  Immortal  
  169  9:15  Shield Battery  
  169  9:17  Shield Battery  
  165  9:26  High Templar  
  165  9:29  Pylon x2  
  165  9:31  Shield Battery  
  159  9:33  Shield Battery  
  147  9:41  Archon  
  147  9:44  Zealot x3  
  115  9:53  Probe  
  115  9:54  Probe  
  115  9:56  Probe  
  112  10:02  Gateway, Zealot  
  94  10:07  Gateway  
  94  10:09  Gateway, Zealot  
  94  10:11  Zealot x2  
  94  10:12  Gateway  
Show
View Real Time Build Order
Export as new Build Order

Namshar Zerg - Winner!

Build Orders: Hatch First, Roach Hydra 

Get SALT Encoding   

  12  0:00  Drone  
  13  0:13  Overlord  
  13  0:17  Drone  
  14  0:31  Drone x2  
  16  0:50  Hatchery  
  16  0:53  Drone  
  16  0:56  Drone  
  17  1:00  Drone  
  18  1:09  Extractor  
  17  1:15  Spawning Pool  
  16  1:18  Drone  
  16  1:23  Drone  
  18  1:29  Drone  
  19  1:41  Drone  
  20  1:51  Overlord  
  20  2:02  Queen x2  
  20  2:03  Zergling x4  
  26  2:12  Drone  
  26  2:13  Drone  
  28  2:16  Metabolic Boost  
  28  2:24  Drone x2  
  30  2:33  Drone  
  30  2:34  Drone  
  32  2:48  Hatchery  
  32  2:49  Overlord  
  31  2:55  Zergling x2  
  32  2:59  Zergling x2  
  32  3:07  Queen  
  32  3:12  Drone x5  
  39  3:16  Zergling x2  
  40  3:21  Overlord  
  40  3:24  Drone x2  
  42  3:27  Spore Crawler  
  42  3:30  Spore Crawler  
  40  3:35  Drone  
  40  3:36  Drone x2  
  43  3:42  Overlord  
  43  3:45  Drone  
  44  3:54  Overlord  
  44  3:59  Queen  
  44  4:00  Drone x5  
  51  4:07  Drone, Spore Crawler  
  51  4:12  Zergling x4  
  51  4:16  Drone  
  51  4:17  Drone x3, Queen  
  57  4:22  Overlord  
  59  4:25  Overlord  
  59  4:30  Overlord  
  59  4:34  Roach Warren  
  59  4:35  Drone  
  59  4:36  Drone x2  
  61  4:45  Drone x5  
  66  4:52  Drone x6  
  71  4:54  Overlord  
  71  4:57  Extractor x2  
  69  5:03  Overlord  
  69  5:04  Drone  
  70  5:07  Evolution Chamber  
  70  5:11  Drone, Overlord  
  70  5:12  Drone x3  
  73  5:14  Extractor  
  73  5:15  Lair  
  72  5:24  Drone x4  
  76  5:29  Roach x4  
  76  5:31  Queen  
  76  5:34  Extractor x2  
  84  5:38  Overlord  
  84  5:41  Zerg Missile Weapons Level 1  
  84  5:43  Roach  
  84  5:46  Overlord  
  84  5:48  Drone x5  
  90  5:57  Drone x2  
  90  5:58  Drone x4  
  96  6:10  Drone x3  
  99  6:12  Hatchery  
  99  6:13  Spore Crawler  
  99  6:14  Glial Reconstitution  
  99  6:15  Hydralisk Den  
  95  6:22  Drone, Spore Crawler  
  95  6:25  Overlord  
  95  6:31  Overlord  
  95  6:48  Hydralisk  
  95  6:49  Grooved Spines, Hydralisk x9  
  115  7:03  Hydralisk x6  
  115  7:05  Extractor  
  125  7:15  Hydralisk x4  
  124  7:22  Drone x6  
  138  7:27  Drone  
  139  7:35  Zerg Missile Weapons Level 2  
  139  7:44  Overlord x3  
  139  7:46  Drone x2  
  141  7:53  Hydralisk x5  
  151  7:59  Overlord x2  
  151  8:00  Muscular Augments, Overlord  
  151  8:04  Overlord x2  
  151  8:09  Hydralisk x4  
  151  8:12  Overlord x2  
  159  8:16  Roach  
  159  8:17  Roach  
  162  8:21  Roach  
  162  8:22  Roach x3  
  162  8:25  Roach x2  
  173  8:43  Roach  
  173  8:44  Roach x6  
  183  9:03  Zergling x2, Hydralisk  
  183  9:04  Zergling x22  
  183  9:07  Extractor  
  196  9:10  Infestation Pit  
  196  9:11  Ravager x2  
  196  9:12  Lurker Den  
  192  9:36  Hydralisk  
  192  9:37  Hydralisk x6  
  186  9:42  Zergling x2, Hydralisk  
  186  9:43  Zergling x22  
  176  9:48  Zergling x8, Hydralisk  
  165  9:54  Zergling x2  
  165  9:55  Zergling x6  
Tags
 
Add a new tag
Caveats
  • Supply blocks, unpowered buildings, or Contaminate may cause inaccurate times.
  • Supply counts are checked every 10 seconds.